 Dungeon Crawl Stone Soup version 0.17-a0-896-g249456b (console) character file.

1276 sose the Conjurer (level 8, -3/46 HPs)
             Began as a High Elf Fire Elementalist on May 1, 2015.
             Was an Initiate of Ashenzari.
             Slain by Duvessa
             ... wielding a +0 short sword
              (6 damage)
             ... on level 5 of the Dungeon.
             The game lasted 00:16:53 (5758 turns).

sose the Conjurer (High Elf Fire Elementalist)      Turns: 5758, Time: 00:16:53

Health: -3/46      AC:  3    Str:  6 (7)  XL:     8   Next: 28%
Magic:  8/15       EV: 13    Int: 22      God:    Ashenzari [......]
Gold:   299        SH:  0    Dex: 22      Spells: 4 memorised, 5 levels left

rFire  . . .     SeeInvis .     D - +0 rapier (elec)
rCold  . . .     Clarity  .     a - +0 robe
rNeg   . . .     SustAb   .     (no shield)
rPois  .         Gourm    .     f - +1 hat (curse)
rElec  .         Spirit   .     (no cloak)
rCorr  .         Warding  .     (no gloves)
rMut   .         Stasis   .     (no boots)
MR     .....                    (no amulet)
Stlth  ++........               B - +3 ring of dexterity
                                q - +4 ring of dexterity (curse)

@: not resistant to hostile enchantments, unstealthy
A: no striking features
a: Renounce Religion


You were on level 5 of the Dungeon.
You worshipped Ashenzari.
Ashenzari was noncommittal.
You were near starving.

You visited 2 branches of the dungeon, and saw 6 of its levels.

You collected 299 gold pieces.

Inventory:

Hand weapons
 e - a +0 dagger
 D - a +0 rapier of electrocution (weapon)
Armour
 a - a +0 robe (worn)
 f - a cursed +1 hat (worn)
Jewellery
 q - a cursed +4 ring of dexterity (left hand)
 B - a +3 ring of dexterity (right hand)
Magical devices
 d - a wand of slowing (37)
Scrolls
 g - a scroll of fear {unknown}
 h - a scroll of blinking {unknown}
 j - 2 scrolls of amnesia
 l - a scroll of teleportation {unknown}
 o - 2 scrolls of noise {unknown}
 p - a scroll of identify
 t - 3 scrolls of enchant weapon {unknown}
 u - 3 scrolls of enchant armour {unknown}
 v - a scroll of recharging {unknown}
 x - a scroll of random uselessness {unknown}
 y - a scroll of curse jewellery
 z - 3 scrolls of remove curse
Potions
 i - a potion of haste
 m - a potion of curing
 n - a potion of magic
 r - 2 potions of lignification
 s - a potion of mutation {unknown}
 A - a potion of cancellation {unknown}
Books
 b - a book of Flames

   Spells                             Type                      Level
   a - Flame Tongue                   Conjuration/Fire             1
   b - Throw Flame                    Conjuration/Fire             2
   c - Conjure Flame                  Conjuration/Fire             3
   d - Inner Flame                    Hexes/Fire                   3
   e - Sticky Flame                   Conjuration/Fire             4
   f - Fireball                       Conjuration/Fire             5
Comestibles
 c - 2 bread rations
 k - a meat ration


   Skills:
 - Level 2.1 Dodging
 - Level 2.1 Stealth
 - Level 4.1 Spellcasting
 + Level 7.4 Conjurations
 + Level 7.3 Fire Magic


You had 5 spell levels left.
You knew the following spells:

 Your Spells              Type           Power        Failure   Level  Hunger
a - Flame Tongue          Conj/Fire      #####        1%          1    None
b - Throw Flame           Conj/Fire      #####.       1%          2    #......
c - Conjure Flame         Conj/Fire      #####...     1%          3    ##.....
d - Sticky Flame          Conj/Fire      #####...     8%          4    ####...


Dungeon Overview and Level Annotations

Branches:
Dungeon (5/15)             Temple (1/1) D:4

Altars:
Ashenzari
Cheibriados
Elyvilon
Fedhas
Gozag
Kikubaaqudgha
Makhleb
Nemelex Xobeh
Okawaru
Ru
Sif Muna
Trog
Vehumet
Xom
Yredelemnul
Zin
The Shining One
Lugonu

Annotations:
D:5 Dowan, Duvessa, Grinder


Message History

* * * LOW HITPOINT WARNING * * *
The crimson imp laughs crazily.
The crimson imp hits you with a dagger of chaos.
* * * LOW HITPOINT WARNING * * *
The crimson imp freezes you.
* * * LOW HITPOINT WARNING * * *
Drink which item? (? for menu, Esc to quit)
You feel better.
Duvessa burns!
Duvessa hits you with a short sword.
* * * LOW HITPOINT WARNING * * *
The crimson imp hits you with a dagger of chaos.
* * * LOW HITPOINT WARNING * * *
* * * LOW HITPOINT WARNING * * *
Unknown command.
Read which item? (? for menu, Esc to quit)
As you read the scroll labeled UMUSHR CUPTUOF, it crumbles to dust.
Forget which spell ([?*] list [ESC] exit)?
Forget which spell ([?*] list [ESC] exit)?
Okay, then.
It was a scroll of amnesia.
Duvessa burns!
Duvessa hits you with a short sword.
You die...

####'#####..# #..#####...##
#.......#.### #...#.......####
###._.##### #...#...##......
#.......# ##.##..####.....
####'#### #.#..## ##.....
.......# #.#..# ##..<... ......##
##....###...#...
...(..############..........###..
.............e.e@5...............
##################...##...###...#
###################..####.....###
.............................##
#####.#############.#####...###
.e...........## #.# #.....###
##............## #.# ##.......
########.##...# #.## ##...##. 8
#.####.####..# ##..####ยง


You could see Duvessa (berserk), Dowan and a crimson imp.

Vanquished Creatures
  Eustachio (D:5)
  2 sky beasts (D:5)
  2 ogres
  A giant frog (D:4)
  A scorpion (D:4)
  3 crimson imps (D:5)
  2 orc priests
  Ijyb (D:2)
  2 giant frog skeletons (D:5)
  2 iguanas
  An orc wizard (D:4)
  3 worker ants
  3 worker ant zombies (D:5)
  8 adders
  4 gnolls (D:3)
  2 adder skeletons (D:5)
  2 worms
  16 orcs
  12 bats
  A bat skeleton (D:5)
  6 giant cockroaches
  11 hobgoblins
  2 jackals (D:3)
  4 quokkas
  A ball python (D:2)
  2 giant geckos (D:5)
  5 giant newts
  16 goblins
  13 kobolds
  9 rats
138 creatures vanquished.

Vanquished Creatures (others)
  A human (D:2)
1 creature vanquished.

Grand Total: 139 creatures vanquished

Notes
Turn   | Place    | Note
--------------------------------------------------------------
     0 | D:1      | sose, the High Elf Fire Elementalist, began the quest for the Orb.
     0 | D:1      | Reached XP level 1. HP: 11/11 MP: 4/4
   408 | D:1      | Reached XP level 2. HP: 17/17 MP: 3/6
   420 | D:1      | Learned a level 2 spell: Throw Flame
  1021 | D:2      | Reached XP level 3. HP: 18/21 MP: 3/7
  1268 | D:2      | Found an ancient bone altar of Kikubaaqudgha.
  1272 | D:2      | Noticed a human
  1273 | D:2      | Killed a human
  1374 | D:2      | Found a sparkling altar of Nemelex Xobeh.
  1378 | D:2      | Noticed Ijyb
  1417 | D:2      | Learned a level 3 spell: Conjure Flame
  1512 | D:2      | Reached XP level 4. HP: 18/27 MP: 4/8
  1691 | D:2      | Killed Ijyb
  1691 | D:2      | Reached skill level 4 in Fire Magic
  1759 | D:3      | Found a basalt altar of Yredelemnul.
  2115 | D:3      | Reached XP level 5. HP: 13/31 MP: 0/9
  2644 | D:4      | Noticed an ogre
  2654 | D:4      | Killed an ogre
  2726 | D:4      | Reached skill level 5 in Fire Magic
  2743 | D:4      | Reached XP level 6. HP: 36/36 MP: 3/11
  2805 | D:4      | Reached skill level 5 in Conjurations
  2899 | D:4      | Found a staircase to the Ecumenical Temple.
  2912 | Temple   | Entered the Ecumenical Temple
  2948 | Temple   | Became a worshipper of Ashenzari the Shackled
  3431 | D:4      | Reached XP level 7. HP: 21/41 MP: 0/13
  3845 | D:5      | Entered Level 5 of the Dungeon
  3882 | D:5      | Learned a level 4 spell: Sticky Flame
  3954 | D:5      | Noticed a moth of wrath
  3955 | D:5      | Found a bloodstained altar of Trog.
  4151 | D:5      | Found a glowing silver altar of Zin.
  4152 | D:5      | Noticed an angel
  4322 | D:5      | Noticed Eustachio
  4396 | D:5      | Killed Eustachio
  4396 | D:5      | Reached skill level 6 in Conjurations
  4522 | D:5      | Found a blossoming altar of Fedhas.
  4596 | D:5      | Found a snail-covered altar of Cheibriados.
  4631 | D:5      | Reached XP level 8. HP: 10/46 MP: 0/15
  4911 | D:5      | Found a radiant altar of Vehumet.
  5019 | D:5      | Reached skill level 7 in Conjurations
  5146 | D:5      | Found a snail-covered altar of Cheibriados.
  5149 | D:5      | Noticed Grinder
  5162 | D:5      | Paralysed by Grinder for 7 turns
  5548 | D:5      | Found a shimmering altar of Xom.
  5655 | D:5      | Noticed Duvessa
  5660 | D:5      | Noticed Dowan
  5756 | D:5      | HP: 2/46 [crimson imp/dagger of chaos (2)]
  5758 | D:5      | Slain by Duvessa

Action                   |  1- 3 |  4- 6 |  7- 9 || total
-------------------------+-------+-------+-------++-------
Melee: Dagger            |     5 |    23 |    12 ||    40
       Rapier            |       |       |    24 ||    24
 Cast: Flame Tongue      |    63 |   101 |   105 ||   269
       Throw Flame       |       |    10 |     1 ||    11
       Conjure Flame     |       |     3 |     4 ||     7
       Sticky Flame      |       |       |     8 ||     8
  Use: Scroll            |       |     2 |     5 ||     7
       Potion            |       |       |     3 ||     3
  Eat: Chunk             |     2 |     7 |     7 ||    16
